 Dungeon Crawl Stone Soup version 0.19-a0-1091-g463c9de (webtiles) character file.

23 Leszczynek the Conjurer (level 3, -1/36 HPs)
             Began as an Ogre Conjurer on Aug 7, 2016.
             Slain by Natasha (2 damage)
             ... on level 2 of the Dungeon.
             The game lasted 00:02:53 (509 turns).

Leszczynek the Conjurer (Ogre Conjurer)              Turns: 509, Time: 00:02:54

Health: -1/36      AC:  3    Str: 17    XL:     3   Next: 0%
Magic:  2/6        EV: 10    Int: 14    God:
Gold:   22         SH:  0    Dex: 10    Spells: 2 memorised, 3 levels left

rFire  + . .     SeeInvis .     k - +0 whip
rCold  + . .     Gourm    .     a - +0 robe
rNeg   . . .     Faith    .     (no shield)
rPois  +         Spirit   .     (helmet restricted)
rElec  +         Dismiss  .     (no cloak)
rCorr  +         Reflect  .     (gloves unavailable)
SustAt .         Harm     .     (boots unavailable)
MR     .....                    (no amulet)
Stlth  +.........               (no ring)
                                h - +3 ring of strength

@: resistant, slowed, very slow
A: unfitting armour, tough skin 1
a: no special abilities


You were on level 2 of the Dungeon.
You were not hungry.

You visited 1 branch of the dungeon, and saw 3 of its levels.

You collected 22 gold pieces.

Inventory:

Hand Weapons
 g - a +0 short sword
 k - a +0 whip (weapon)
Armour
 a - a +0 robe (worn)
Jewellery
 h - a +3 ring of strength (left hand)
Scrolls
 d - a scroll of remove curse {unknown}
 i - a scroll of identify {unknown}
 l - a scroll of noise {unknown}
Books
 b - a book of Conjurations

   Spells                             Type                      Level
   a - Magic Dart                     Conjuration                  1
   b - Searing Ray                    Conjuration                  2
   c - Dazzling Spray                 Conjuration/Hexes            3
   d - Fulminant Prism                Conjuration/Hexes            4
   e - Iskenderun's Mystic Blast      Conjuration                  4
   f - Iskenderun's Battlesphere      Conjuration/Charms           5
Comestibles
 c - 2 bread rations
 f - 8 chunks of flesh


   Skills:
 - Level 2.5 Fighting
 * Level 1.8 Maces & Flails
 - Level 1.7 Dodging
 - Level 1.5 Stealth
 - Level 2.4 Spellcasting
 - Level 2.9 Conjurations


You had 3 spell levels left.
You knew the following spells:

 Your Spells              Type           Power        Failure   Level  Hunger
a - Magic Dart            Conj           ##..         10%         1    #......
b - Searing Ray           Conj           ##....       12%         2    ###....


Dungeon Overview and Level Annotations

Branches:
Dungeon (3/15)

Altars:

Annotations:
D:2 Natasha


Innate Abilities, Weirdness & Mutations

You are too large for most types of armour.
You have tough skin. (AC +1)


Message History

Natasha is almost dead.
Natasha completely misses you.
You barely miss Natasha.
Natasha is almost dead.
Natasha barely misses you. x2
You closely miss Natasha.
Natasha is almost dead.
Natasha barely misses you.
You miss Natasha.
Natasha is almost dead.
Natasha barely misses you. Natasha claws you.
* * * LOW HITPOINT WARNING * * *
Unknown command.
You barely miss Natasha.
Natasha is almost dead.
Natasha claws you but does no damage.
You barely miss Natasha.
Natasha is almost dead.
Natasha claws you.
You die...

#.# #.# # #######.# #
#.. ..#.# # #.# #.#.# #
#.# #.#.######. ######
#.# #.......[..
.....###.####...########
................@h5.....
#############...##......
# ##.....##### # #######
#


You could see an iron imp and Natasha.

Vanquished Creatures
  A worm (D:3)
  A giant gecko (D:3)
  2 bats (D:1)
  A goblin (D:1)
  3 hobgoblins
  A jackal (D:3)
  3 kobolds
  A giant newt (D:3)
  5 rats
18 creatures vanquished.

Notes
Turn   | Place    | Note
-------+----------+-------------------------------------------
     0 | D:1      | Leszczynek the Ogre Conjurer began the quest for the Orb.
     0 | D:1      | Reached XP level 1. HP: 16/16 MP: 3/3
    92 | D:1      | Reached skill level 1 in Fighting
   142 | D:1      | Reached skill level 2 in Fighting
   142 | D:1      | Reached XP level 2. HP: 28/28 MP: 0/5
   325 | D:3      | Learned a level 2 spell: Searing Ray
   327 | D:3      | Noticed a giant frog
   348 | D:3      | Reached skill level 1 in Maces & Flails
   485 | D:2      | Noticed Natasha
   490 | D:2      | Reached XP level 3. HP: 25/36 MP: 1/6
   507 | D:2      | HP: 1/36 [Natasha (6)]
   509 | D:2      | Slain by Natasha

Vault maps used:
D:1:      lightli_arrival_flooded_house, serial_forest,
          infiniplex_forest_zigzag_1, infiniplex_forest_lined_room_2,
          infiniplex_forest_end_1, infiniplex_forest_lined_2,
          infiniplex_forest_straight_2
D:2:      nicolae_overflow_crystal_walls, gammafunk_temple_overflow_elements,
          feat_on_display, uniq_natasha, uniq_terence
D:3:      first_bread, uniq_robin, uniq_jessica, uniq_iyjb

Skill      XL: |  1  2 |
---------------+-------+-----
Fighting       | 2 |  2.5
Maces & Flails | 1 |  1.8
Dodging        | |  1.7
Stealth        | |  1.5
Spellcasting   | |  2.4
Conjurations   | |  2.9

Action                   || total
-------------------------++-------
Melee: Short sword       ||    45
       Whip              ||    11
 Cast: Magic Dart        ||    20
       Searing Ray       ||     2
  Use: Potion            ||     2
Armor: Robe              ||    14
Dodge: Dodged            ||    34
